TOP OF THE 1ST |
Tennessee Smokies batting - Pitching for Mississippi Braves : LHP Chad Persaud
|
Pitching: LHP Chad Persaud
|
|
Batting: RHB Adam Kelliher
|
0-0: Ball 1-0: Ball 2-0: SINGLE (Groundball, 4MD, EV 112.5 MPH)
|
Batting: LHB Brent Dutcher
|
0-0: Ball 1-0: Foul Ball, location: 2F 1-1: Called Strike 1-2: DOUBLE (Groundball, 5L, EV 105.6 MPH) Adam Kelliher to third
|
Batting: RHB Heitaro Tanaka
|
0-0: SINGLE (Groundball, 6D, EV 103.1 MPH) Adam Kelliher scores Brent Dutcher to third Runner from 3rd tries for Home, SAFE, throw by LF to home
|
Batting: RHB Bobby Gray
|
0-0: Foul Ball, location: 2F 0-1: Grounds into double play, 1-6-3 (Groundball, 13, EV 64.4 MPH)
|
Batting: LHB Brian Newton
|
0-0: Fly out, F3 (Line Drive, 3, EV 75.6 MPH)
|
Top of the 1st over - 2 runs, 3 hits, 0 errors, 0 left on base; Tennessee 2 - Mississippi 0 |
BOTTOM OF THE 1ST |
Mississippi Braves batting - Pitching for Tennessee Smokies : RHP Steve DiDomenico
|
Pitching: RHP Steve DiDomenico
|
|
Batting: RHB Alex Munoz
|
0-0: Ball 1-0: Ball 2-0: Ground out 6-3 (Groundball, 56, EV 103.8 MPH)
|
Batting: RHB Riley Nasiir
|
0-0: Ball 1-0: Called Strike 1-1: Called Strike 1-2: Strikes out swinging
|
Batting: SHB Brian Bagley
|
0-0: Ball 1-0: Ground out U3 (Groundball, 34, EV 81.9 MPH)
|
Bottom of the 1st over - 0 runs, 0 hits, 0 errors, 0 left on base; Tennessee 2 - Mississippi 0 |
TOP OF THE 2ND |
Tennessee Smokies batting - Pitching for Mississippi Braves : LHP Chad Persaud
|
Batting: RHB Nick Kleckner
|
0-0: Ball 1-0: Ground out 4-3 (Groundball, 4, EV 93.1 MPH)
|
Batting: RHB John Iddings
|
0-0: Ground out 6-3 (Groundball, 56, EV 110.6 MPH)
|
Batting: RHB Vij Ramamani
|
0-0: Ball 1-0: Ball 2-0: Foul Ball, location: 2F 2-1: Called Strike 2-2: SINGLE (Groundball, 6M, EV 105.6 MPH) (infield hit)
|
Batting: SHB Alvaro Andrade
|
0-0: Ball 1-0: Called Strike 1-1: Ball 2-1: Ball 3-1: Called Strike 3-2: Fly out, F7 (Line Drive, 7D, EV 103.1 MPH)
|
Top of the 2nd over - 0 runs, 1 hit, 0 errors, 1 left on base; Tennessee 2 - Mississippi 0 |
BOTTOM OF THE 2ND |
Mississippi Braves batting - Pitching for Tennessee Smokies : RHP Steve DiDomenico
|
Batting: LHB Mark Buchholz
|
0-0: Ball 1-0: SINGLE (Groundball, 56D, EV 104.4 MPH)
|
Batting: LHB Jose Chinchilla
|
0-0: Ball 1-0: Ball 2-0: Fly out, F8 (Flyball, 8RXD, EV 100.0 MPH)
|
Batting: RHB Jack Power
|
0-0: Called Strike 0-1: Ball 1-1: SINGLE (Line Drive, 9S, EV 103.1 MPH) Mark Buchholz to second
|
Batting: RHB Alex Velasquez
|
0-0: Ball 1-0: SINGLE (Groundball, 34D, EV 94.4 MPH) Mark Buchholz to third Jack Power to second Runner from 3rd tries for Home, SAFE, throw by RF to home
|
Pitching: LHP Jose Carrillo
|
|
Pinch Hitting: RHB Justin McQuarter
|
0-0: Foul Ball, location: 2F 0-1: Swinging Strike 0-2: Foul Ball, location: 2F 0-2: Ball 1-2: Ball 2-2: SINGLE (Flyball, 9S, EV 93.8 MPH) Jack Power to third Alex Velasquez to second Runner from 3rd tries for Home, throw by RF and OUT! 9-2 Alex Velasquez to third Justin McQuarter to second
|
Batting: RHB Johnny Burroughs
|
0-0: Ball 1-0: Foul Ball, location: 2F 1-1: Swinging Strike 1-2: Ball 2-2: Ball 3-2: Base on Balls
|
Batting: RHB Alex Munoz
|
0-0: Ball 1-0: Ball 2-0: Foul Ball, location: 2F 2-1: Called Strike 2-2: Fly out, F4 (Flyball, 34D, EV 84.4 MPH)
|
Bottom of the 2nd over - 1 run, 4 hits, 0 errors, 3 left on base; Tennessee 2 - Mississippi 1 |
TOP OF THE 3RD |
Tennessee Smokies batting - Pitching for Mississippi Braves : LHP Chad Persaud
|
Now in RF: Bob Morales
|
|
Batting: RHB Adam Kelliher
|
0-0: Bunt for hit to 23 - play at first, batter OUT! 3-4
|
Batting: LHB Brent Dutcher
|
0-0: Ground out 4-3 (Groundball, 4D, EV 83.1 MPH)
|
Batting: RHB Heitaro Tanaka
|
0-0: Called Strike 0-1: Ball 1-1: Ball 2-1: Ball 3-1: Swinging Strike 3-2: Strikes out swinging
|
Top of the 3rd over - 0 runs, 0 hits, 0 errors, 0 left on base; Tennessee 2 - Mississippi 1 |
BOTTOM OF THE 3RD |
Mississippi Braves batting - Pitching for Tennessee Smokies : LHP Jose Carrillo
|
Batting: RHB Riley Nasiir
|
0-0: Ball 1-0: Ball 2-0: Called Strike 2-1: Ground out U3 (Groundball, 34S, EV 89.4 MPH)
|
Pitching: RHP Rashid bin Ala'
|
|
Batting: SHB Brian Bagley
|
0-0: Ball 1-0: Called Strike 1-1: Ball 2-1: Foul Ball, location: 2F 2-2: Fly out, F7 (Flyball, 7D, EV 102.5 MPH)
|
Batting: LHB Mark Buchholz
|
0-0: Called Strike 0-1: Ground out U3 (Groundball, 3, EV 92.5 MPH)
|
Bottom of the 3rd over - 0 runs, 0 hits, 0 errors, 0 left on base; Tennessee 2 - Mississippi 1 |
TOP OF THE 4TH |
Tennessee Smokies batting - Pitching for Mississippi Braves : LHP Chad Persaud
|
Batting: RHB Bobby Gray
|
0-0: Ball 1-0: SOLO HOME RUN (Flyball, 8RXD, EV 107.5 MPH), Distance : 431 ft
|
Batting: LHB Brian Newton
|
0-0: Hit by Pitch
|
Batting: RHB Nick Kleckner
|
0-0: Fly out, F8 (Flyball, 78S, EV 88.8 MPH)
|
Batting: RHB John Iddings
|
0-0: Foul Ball, location: 2F 0-1: Fly out, F8 (Flyball, 78D, EV 87.5 MPH)
|
Batting: RHB Vij Ramamani
|
0-0: Ball 1-0: Ball 2-0: Called Strike 2-1: Ball 3-1: Ground out 4-3 (Groundball, 4, EV 100.6 MPH)
|
Top of the 4th over - 1 run, 1 hit, 0 errors, 1 left on base; Tennessee 3 - Mississippi 1 |
BOTTOM OF THE 4TH |
Mississippi Braves batting - Pitching for Tennessee Smokies : RHP Rashid bin Ala'
|
Batting: LHB Jose Chinchilla
|
0-0: Foul Ball, location: 2F 0-1: SOLO HOME RUN (Flyball, 89XD, EV 115.0 MPH), Distance : 433 ft
|
Batting: RHB Jack Power
|
0-0: Ball 1-0: Called Strike 1-1: Foul Ball, location: 2F 1-2: Strikes out swinging
|
Batting: RHB Alex Velasquez
|
0-0: DOUBLE (Groundball, 3L, EV 105.6 MPH)
|
Batting: SHB Bob Morales
|
0-0: Foul Ball, location: 2F 0-1: Called Strike 0-2: Strikes out looking
|
Batting: RHB Johnny Burroughs
|
0-0: Ball 1-0: Ground out 4-3 (Groundball, 4M, EV 84.4 MPH)
|
Bottom of the 4th over - 1 run, 2 hits, 0 errors, 1 left on base; Tennessee 3 - Mississippi 2 |
TOP OF THE 5TH |
Tennessee Smokies batting - Pitching for Mississippi Braves : LHP Chad Persaud
|
Batting: SHB Alvaro Andrade
|
0-0: Fly out, F4 (Flyball, 4D, EV 81.2 MPH)
|
Batting: RHB Adam Kelliher
|
0-0: Called Strike 0-1: Ball 1-1: Ball 2-1: Foul Ball, location: 2F 2-2: Foul Ball, location: 2F 2-2: Foul Ball, location: 2F 2-2: Ball 3-2: Ground out 5-3 (Groundball, 56, EV 98.1 MPH)
|
Batting: LHB Brent Dutcher
|
0-0: Ball 1-0: SINGLE (Groundball, 3D, EV 110.6 MPH)
|
Batting: RHB Heitaro Tanaka
|
0-0: Ball 1-0: Ball 2-0: Foul Ball, location: 2F 2-1: Fielders Choice at 2nd, 5-4 (Groundball, 56, EV 91.2 MPH)
|
Top of the 5th over - 0 runs, 1 hit, 0 errors, 1 left on base; Tennessee 3 - Mississippi 2 |
BOTTOM OF THE 5TH |
Mississippi Braves batting - Pitching for Tennessee Smokies : RHP Rashid bin Ala'
|
Pitching: RHP Bob Gilliam
|
|
Batting: RHB Alex Munoz
|
0-0: Ball 1-0: Called Strike 1-1: Ball 2-1: Ball 3-1: Base on Balls
|
Batting: RHB Riley Nasiir
|
0-0: Ball 1-0: Ground out 3-1 (Groundball, 34S, EV 80.6 MPH) Alex Munoz to second
|
Batting: SHB Brian Bagley
|
0-0: Ground out 1-3 (Groundball, 15S, EV 74.4 MPH)
|
Batting: LHB Mark Buchholz
|
0-0: Ball 1-0: Called Strike 1-1: Ball 2-1: Called Strike 2-2: Foul Ball, location: 2F 2-2: Strikes out swinging
|
Bottom of the 5th over - 0 runs, 0 hits, 0 errors, 1 left on base; Tennessee 3 - Mississippi 2 |
TOP OF THE 6TH |
Tennessee Smokies batting - Pitching for Mississippi Braves : LHP Chad Persaud
|
Batting: RHB Bobby Gray
|
0-0: Called Strike 0-1: Called Strike 0-2: Strikes out swinging
|
Batting: LHB Brian Newton
|
0-0: Ball 1-0: Foul Ball, location: 2F 1-1: Foul Ball, location: 2F 1-2: Ball 2-2: Ball 3-2: Fly out, F9 (Flyball, 9, EV 96.2 MPH)
|
Batting: RHB Nick Kleckner
|
0-0: Foul Ball, location: 2F 0-1: Foul Ball, location: 2F 0-2: Foul Ball, location: 2F 0-2: Ball 1-2: Ball 2-2: Ground out 1-3 (Groundball, 13S, EV 71.9 MPH)
|
Top of the 6th over - 0 runs, 0 hits, 0 errors, 0 left on base; Tennessee 3 - Mississippi 2 |
BOTTOM OF THE 6TH |
Mississippi Braves batting - Pitching for Tennessee Smokies : RHP Bob Gilliam
|
Batting: LHB Jose Chinchilla
|
0-0: Ball 1-0: Ground out 5-3 (Groundball, 56, EV 89.4 MPH)
|
Batting: RHB Jack Power
|
0-0: Fly out, F8 (Flyball, 8LXD, EV 88.1 MPH)
|
Batting: RHB Alex Velasquez
|
0-0: Called Strike 0-1: Ball 1-1: Foul Ball, location: 2F 1-2: Ball 2-2: Ball 3-2: Base on Balls
|
Pitching: LHP Mike Alexander
|
|
Batting: SHB Bob Morales
|
0-0: Ball Wild Pitch! Alex Velasquez to second 1-0: Swinging Strike 1-1: Swinging Strike 1-2: Ball 2-2: Ball 3-2: Foul Ball, location: 2F 3-2: Strikes out looking
|
Bottom of the 6th over - 0 runs, 0 hits, 0 errors, 1 left on base; Tennessee 3 - Mississippi 2 |
TOP OF THE 7TH |
Tennessee Smokies batting - Pitching for Mississippi Braves : LHP Chad Persaud
|
Batting: RHB John Iddings
|
0-0: Called Strike 0-1: Called Strike 0-2: Foul Ball, location: 2F 0-2: Fly out, F7 (Flyball, 7S, EV 95.0 MPH)
|
Batting: RHB Vij Ramamani
|
0-0: Ball 1-0: Foul Ball, location: 2F 1-1: Ground out 4-3 (Groundball, 4, EV 86.9 MPH)
|
Batting: SHB Alvaro Andrade
|
0-0: Foul Ball, location: 2F 0-1: Ball 1-1: Ball 2-1: Ball 3-1: Base on Balls
|
Batting: RHB Adam Kelliher
|
0-0: Swinging Strike 0-1: Ball 1-1: Foul Ball, location: 2F 1-2: Ball 2-2: Strikes out swinging
|
Top of the 7th over - 0 runs, 0 hits, 0 errors, 1 left on base; Tennessee 3 - Mississippi 2 |
BOTTOM OF THE 7TH |
Mississippi Braves batting - Pitching for Tennessee Smokies : LHP Mike Alexander
|
Batting: RHB Johnny Burroughs
|
0-0: Ground out U3 (Groundball, 34, EV 95.6 MPH)
|
Batting: RHB Alex Munoz
|
0-0: Foul Ball, location: 2F 0-1: Ball 1-1: Foul Ball, location: 2F 1-2: SINGLE (Line Drive, 3D, EV 95.6 MPH)
|
Batting: RHB Riley Nasiir
|
0-0: Ball 1-0: Ball 2-0: Swinging Strike 2-1: Ball 3-1: Called Strike 3-2: Base on Balls Alex Munoz to second
|
Pitching: RHP Eric Allen
|
|
Batting: SHB Brian Bagley
|
0-0: Ball 1-0: Ball Alex Munoz steals 3rd base Riley Nasiir to second 2-0: Ball 3-0: Foul Ball, location: 2F 3-1: Base on Balls
|
Batting: LHB Mark Buchholz
|
0-0: Foul Ball, location: 2F 0-1: Ball 1-1: Ball 2-1: Ball 3-1: Called Strike 3-2: SINGLE (Line Drive, 8LM, EV 98.1 MPH) Alex Munoz scores Riley Nasiir to third Brian Bagley to second
|
Batting: LHB Jose Chinchilla
|
0-0: Ball 1-0: Called Strike 1-1: Ball 2-1: SINGLE (Line Drive, 5, EV 98.1 MPH) Riley Nasiir scores Brian Bagley to third Mark Buchholz to second
|
Batting: RHB Jack Power
|
0-0: Ball Wild Pitch! Brian Bagley scores Mark Buchholz to third Jose Chinchilla to second 1-0: Called Strike 1-1: Swinging Strike 1-2: Ball 2-2: Ball 3-2: Base on Balls
|
Pitching: LHP Nate George
|
|
Batting: RHB Alex Velasquez
|
0-0: Called Strike 0-1: Swinging Strike 0-2: SINGLE (Groundball, 6D, EV 101.2 MPH) Mark Buchholz scores Jose Chinchilla to third Jack Power to second Runner from 3rd tries for Home, SAFE, throw by CF to home
|
Batting: SHB Bob Morales
|
0-0: Called Strike 0-1: Foul Ball, location: 2F 0-2: Strikes out looking
|
Batting: RHB Johnny Burroughs
|
0-0: Ball 1-0: Fielders Choice at 2nd, 6-4 (Groundball, 6, EV 83.1 MPH)
|
Bottom of the 7th over - 5 runs, 4 hits, 0 errors, 2 left on base; Tennessee 3 - Mississippi 7 |
TOP OF THE 8TH |
Tennessee Smokies batting - Pitching for Mississippi Braves : LHP Chad Persaud
|
Batting: LHB Brent Dutcher
|
0-0: Called Strike 0-1: Swinging Strike 0-2: Ball 1-2: Foul Ball, location: 2F 1-2: Ground out 4-3 (Groundball, 34, EV 101.9 MPH)
|
Pitching: LHP Jason Zaugg
|
|
Batting: RHB Heitaro Tanaka
|
0-0: Foul Ball, location: 2F 0-1: Ball 1-1: Called Strike 1-2: Foul Ball, location: 2F 1-2: Fly out, F9 (Flyball, 9, EV 88.1 MPH)
|
Batting: RHB Bobby Gray
|
0-0: DOUBLE (Line Drive, 9LD, EV 102.5 MPH)
|
Batting: LHB Brian Newton
|
0-0: Swinging Strike 0-1: Ball 1-1: Foul Ball, location: 2F 1-2: SINGLE (Groundball, 3D, EV 103.8 MPH) Bobby Gray to third Runner from 3rd tries for Home, SAFE, throw by RF to home
|
Pitching: RHP Andy Kiefer
|
|
Batting: RHB Nick Kleckner
|
0-0: Called Strike 0-1: DOUBLE (Groundball, 5L, EV 102.5 MPH) Brian Newton to third
|
Batting: RHB John Iddings
|
0-0: Ball 1-0: Ground out 5-3 (Groundball, 56, EV 103.1 MPH)
|
Top of the 8th over - 1 run, 3 hits, 0 errors, 2 left on base; Tennessee 4 - Mississippi 7 |
BOTTOM OF THE 8TH |
Mississippi Braves batting - Pitching for Tennessee Smokies : LHP Nate George
|
Batting: RHB Alex Munoz
|
0-0: Foul Ball, location: 2F 0-1: SINGLE (Groundball, 6MD, EV 100.0 MPH) (infield hit)
|
Batting: RHB Riley Nasiir
|
0-0: Ball 1-0: Called Strike 1-1: Sac Bunt to 2R - play at first, batter OUT! 2-3 Alex Munoz to second
|
Batting: SHB Brian Bagley
|
0-0: Intentional Walk
|
Batting: LHB Mark Buchholz
|
0-0: Ball 1-0: 3-RUN HOME RUN (Flyball, 9LD, EV 95.0 MPH), Distance : 360 ft
|
Batting: LHB Jose Chinchilla
|
0-0: Called Strike 0-1: Ball 1-1: Ball 2-1: Ball 3-1: Called Strike 3-2: Reached via error on a dropped throw from 1B, E1 (Groundball, 34S, EV 85.0 MPH)
|
Batting: RHB Jack Power
|
0-0: Ball 1-0: Ball 2-0: Called Strike 2-1: DOUBLE (Line Drive, 78M, EV 108.1 MPH) Jose Chinchilla to third
|
Batting: RHB Alex Velasquez
|
0-0: Foul Ball, location: 2F 0-1: Swinging Strike 0-2: Strikes out swinging
|
Batting: SHB Bob Morales
|
0-0: Swinging Strike 0-1: Foul Ball, location: 2F 0-2: Ball 1-2: Ball 2-2: Ball Wild Pitch! Jose Chinchilla scores Jack Power to third 3-2: Strikes out swinging
|
Bottom of the 8th over - 4 runs, 3 hits, 1 error, 1 left on base; Tennessee 4 - Mississippi 11 |
TOP OF THE 9TH |
Tennessee Smokies batting - Pitching for Mississippi Braves : RHP Andy Kiefer
|
Batting: RHB Vij Ramamani
|
0-0: Ball 1-0: Foul Ball, location: 2F 1-1: Ball 2-1: Swinging Strike 2-2: Foul Ball, location: 2F 2-2: Ball 3-2: Strikes out swinging
|
Batting: SHB Alvaro Andrade
|
0-0: Ball 1-0: Foul Ball, location: 2F 1-1: Ball 2-1: Called Strike 2-2: Strikes out swinging
|
Pinch Hitting: RHB John Madden
|
0-0: Ground out 5-3 (Groundball, 56, EV 108.1 MPH)
|
Top of the 9th over - 0 runs, 0 hits, 0 errors, 0 left on base; Tennessee 4 - Mississippi 11 |
|